Map: Galactic Process LE

Players

Allaryce

  • Race: Zerg Zerg
  • League: Diamond

Kozan - Winner!

  • Race: Terran Terran
  • League: Grandmaster

Event: Cheesadelphia Summer 2016

VOD

Have the link to the VOD?

Description

Time

  • Played on: July 23, 2016, 1:56 p.m.
  • Length: 8:03

All games in this series

Show
View Real Time Build Order
Export as new Build Order

Allaryce Zerg 

Build Orders: Pool First, Zergling Baneling 

Get SALT Encoding   

  12  0:01  Drone  
  13  0:09  Drone  
  14  0:15  Extractor  
  14  0:16  Drone  
  14  0:33  Spawning Pool  
  13  0:40  Drone  
  14  0:44  Extractor  
  14  0:45  Drone  
  15  0:53  Overlord  
  15  1:20  Metabolic Boost, Zergling x6  
  18  1:30  Queen  
  20  1:42  Baneling Nest  
  20  1:44  Drone  
  20  1:48  Zergling x2  
  21  1:54  Zergling x2  
  22  2:03  Overlord  
  22  2:26  Zergling x4  
  24  2:37  Zergling x2  
  25  2:46  Zergling x2  
  25  2:47  Baneling  
  25  2:48  Baneling x5  
  26  2:56  Zergling x6  
  29  3:13  Hatchery  
  25  3:28  Zergling x6  
  28  3:39  Evolution Chamber, Zergling x2  
  28  3:50  Zergling x4  
  30  3:59  Overlord  
  30  4:20  Baneling  
  30  4:21  Baneling x6  
  30  4:31  Drone x2  
  28  4:58  Zergling x6  
  21  5:17  Queen  
  22  5:23  Roach Warren  
  22  5:24  Drone x2  
  23  5:37  Drone x2  
  25  5:56  Drone x5  
  30  6:01  Overlord  
  30  6:10  Spore Crawler  
  28  6:15  Spore Crawler  
  25  6:28  Roach  
  25  6:29  Roach x2  
  25  6:32  Roach  
  33  6:38  Roach  
  35  6:43  Extractor  
  35  6:44  Drone x2  
  35  6:46  Drone  
  31  7:02  Roach  
  31  7:03  Roach x2  
  25  7:23  Roach  
  27  7:30  Drone  
Show
View Real Time Build Order
Export as new Build Order

Kozan Terran - Winner!

Build Orders: Reaper Expand 

Get SALT Encoding   

  12  0:01  SCV  
  13  0:13  SCV  
  14  0:17  Supply Depot  
  14  0:25  SCV  
  15  0:38  SCV  
  15  0:40  Barracks  
  16  0:45  Refinery  
  16  0:50  SCV  
  17  1:03  SCV  
  18  1:15  SCV  
  19  1:29  Orbital Command  
  19  1:30  Reaper  
  20  1:46  Command Center  
  20  1:52  Supply Depot  
  20  1:56  SCV  
  21  2:11  Factory, SCV  
  21  2:15  Marine  
  22  2:20  Refinery  
  21  2:23  SCV  
  22  2:35  SCV  
  23  2:42  Barracks Reactor  
  23  2:45  Bunker  
  23  2:47  SCV  
  23  2:49  Engineering Bay  
  24  2:55  Hellion  
  26  3:01  Bunker  
  26  3:16  Hellion  
  26  3:17  Marine  
  30  3:31  Marine  
  30  3:37  Hellion  
  30  3:40  SCV  
  33  3:47  Orbital Command  
  33  3:49  Marine  
  33  3:54  SCV  
  33  3:55  Starport  
  35  4:01  Hellion  
  37  4:06  SCV  
  38  4:13  Barracks Reactor  
  38  4:23  Supply Depot  
  38  4:34  Supply Depot  
  38  4:41  SCV  
  38  4:53  Orbital Command  
  38  4:58  Supply Depot x2  
  38  5:02  Liberator  
  38  5:10  Marine  
  38  5:11  SCV  
  38  5:13  Marine  
  38  5:14  Hellion  
  38  5:21  SCV  
  41  5:23  SCV  
  42  5:30  Supply Depot  
  42  5:31  Marine x2  
  44  5:36  SCV  
  44  5:37  SCV  
  44  5:40  Command Center  
  46  5:47  Supply Depot  
  46  5:48  SCV  
  47  5:50  SCV  
  47  5:52  Factory Tech Lab  
  47  5:54  Terran Infantry Weapons Level 1  
  48  5:57  Marine  
  48  5:58  Marine, Refinery  
  48  6:00  SCV  
  48  6:02  SCV  
  52  6:10  Supply Depot  
  52  6:18  Marine x2, SCV x2  
  54  6:19  Siege Tank  
  59  6:27  Supply Depot  
  59  6:29  Starport Reactor  
  59  6:31  SCV  
  59  6:32  SCV  
  61  6:40  Barracks x2  
  61  6:43  SCV  
  61  6:44  Marine x2  
  61  6:46  SCV  
  65  6:50  Supply Depot  
  65  6:55  SCV  
  65  6:58  SCV  
  65  7:03  Marine, SCV  
  65  7:04  Marine, Siege Tank  
  65  7:08  SCV  
  66  7:15  Medivac  
  66  7:16  Medivac  
  66  7:18  SCV  
  66  7:21  Marine x2  
  66  7:22  SCV  
  71  7:25  Orbital Command  
  71  7:28  Barracks Tech Lab x2  
  71  7:35  Engineering Bay  
  71  7:36  Supply Depot  
  71  7:38  SCV  
  71  7:39  SCV, Marine x2, Refinery  
  73  7:50  SCV  
Tags
 
Add a new tag
Caveats
  • Supply blocks, unpowered buildings, or Contaminate may cause inaccurate times.
  • Supply counts are checked every 10 seconds.